 Dungeon Crawl Stone Soup version 0.25.1-2-g60ff931df9 (webtiles) character file.

Game seed: 8358681967524297104

10677 Tomb the Spear-Bearer (level 11, 0/97 HPs)
             Began as a Ghoul Monk on Nov 18, 2020.
             Was a High Priest of Nemelex Xobeh.
             Slain by a wolf (2 damage)
             ... on level 1 of the Lair of Beasts.
             The game lasted 01:41:12 (12400 turns).

Tomb the Spear-Bearer (Ghoul Monk)                 Turns: 12400, Time: 01:41:13

Health: 0/97       AC: 13    Str: 19    XL:     11   Next: 65%
Magic:  12/12      EV:  9    Int: 10    God:    Nemelex Xobeh [*****.]
Gold:   288        SH: 10    Dex: 11    Spells: 10/10 levels left

rFire    + . .     SeeInvis .   k - +4 spear (vamp)
rCold    + + .     Gourm    .   I - +0 kite shield
rNeg     + + +     Faith    .   i - +0 scale mail
rPois    ∞         Spirit   .   M - +0 helmet of Sin {Int+5}
rElec    +         Reflect  .   (no cloak)
rCorr    +         Harm     .   o - +1 pair of gloves
MR       .....                  (no boots)
Stlth    ..........             (no amulet)
HPRegen  0.00/turn              (no ring)
MPRegen  0.13/turn              O - +4 ring of protection

@: resistant (expiring), rotting, studying Axes
A: rotting body, claws 1, carnivore, cold resistance 1, negative energy
resistance 3, inhibited regeneration, torment resistance, unbreathing
a: Draw Escape, Draw Destruction, Draw Summoning, Triple Draw, Deal Four, Stack
Five, Renounce Religion


You were on level 1 of the Lair of Beasts.
You worshipped Nemelex Xobeh.
Nemelex Xobeh was extremely pleased with you.
You were not hungry.

You visited 2 branches of the dungeon, and saw 11 of its levels.

You collected 617 gold pieces.
You spent 329 gold pieces at shops.

Inventory:

Hand Weapons
 k - a +4 vampiric spear (weapon)
 A - a +2 hand axe of freezing
 B - the +3 long sword of Netoluk {flame, rElec MP+9 Str+2}
   (You took it off an orc on level 4 of the Dungeon)

   It has been specially enchanted to burn those struck by it, causing extra
   injury to most foes and up to half again as much damage against particularly
   susceptible opponents.
   Big, fiery blades are also staple armaments of hydra-hunters.
   It affects your strength (+2).
   It insulates you from electricity.
   It affects your magic capacity (+9).
Missiles
 a - 2 throwing nets
 g - 13 poisoned darts
 n - 229 stones
 r - 3 curare-tipped darts (quivered)
 w - 6 datura-tipped darts
Armour
 c - a +2 robe of cold resistance
 i - a +0 scale mail (worn)
 o - a +1 pair of gloves (worn)
 t - a +0 helmet
 I - a +0 kite shield (worn)
 L - a +0 plate armour
 M - the +0 helmet of Sin (worn) {Int+5}
   (You found it on level 8 of the Dungeon)

   It affects your intelligence (+5).
Jewellery
 C - an uncursed ring of resist corrosion
 H - an uncursed ring of see invisible
 J - an uncursed ring of flight
 O - a +4 ring of protection (right hand)
 P - an uncursed ring of flight
Wands
 e - a wand of paralysis (8)
Scrolls
 f - 3 scrolls of remove curse
 h - a scroll of teleportation
 m - 6 scrolls of amnesia
 q - a scroll of summoning {unknown}
 s - a scroll of magic mapping {unknown}
 y - 3 scrolls of immolation {unknown}
 E - 3 scrolls of fear {unknown}
 G - 4 scrolls of blinking
 Q - a scroll of identify
Potions
 j - a potion of magic
 l - 2 potions of stabbing
 p - a potion of mutation
 u - a potion of resistance
 x - 2 potions of lignification {unknown}
 z - 2 potions of brilliance {unknown}
 F - a potion of degeneration {unknown}
 K - a potion of berserk rage {unknown}
Books
 D - a manual of Axes
Comestibles
 b - 11 rations


   Skills:
 + Level 9.2 Fighting
 - Level 6.8 Long Blades
 * Level 10.9 Polearms
 - Level 0.2 Throwing
 - Level 1.1 Armour
 - Level 2.6 Dodging
 - Level 2.1 Stealth
 + Level 6.3 Shields
 - Level 4.1 Unarmed Combat
 - Level 2.9 Invocations


You had 10 spell levels left.
You didn't know any spells.
Your spell library contained the following spells:

 Spells                   Type           Power        Failure   Level  Hunger
 Magic Dart               Conj           #...         98%         1    ##.....
 Searing Ray              Conj           #.....       99%         2    ###....
 Dazzling Flash           Conj/Hex       #.....       100%        3    ####...
 Fulminant Prism          Conj/Hex       #.........   100%        4    #####..
 Iskenderun's Mystic Bla  Conj/Tloc      #.......     100%        4    #####..


Dungeon Overview and Level Annotations

Branches:
Dungeon (8/15)             Temple (0/1) D:5            Lair (3/6) D:8
 Shoals (0/4) Lair:3        Snake (0/4) Lair:2

Altars:
Elyvilon
Nemelex Xobeh
Trog

Shops:
D:6 ?

Annotations:
Lair:3 2 transporters, Befuwnopp's ghost, journeyman TrHu


Innate Abilities, Weirdness & Mutations

Your body is rotting away.
You thrive on raw meat.
You are immune to poison.
You have sharp fingernails.
You are carnivorous and can eat meat at any time.
Your flesh is cold resistant. (rC+)
You are immune to negative energy. (rN+++)
You do not regenerate when monsters are visible.
You are immune to unholy pain and torment.
You can survive without breathing.


Message History

* * * LOW HITPOINT WARNING * * *
You block the centaur's attack. The centaur barely misses you.
The wolf closely misses you.
You climb upwards.
There is a stone staircase leading down here.
You draw a card...
You have drawn Velocity.
The centaur seems to slow down.
The wolf seems to slow down.
The wolf bites you.
* * * LOW HITPOINT WARNING * * *
You block the centaur's attack. You block the centaur's attack.
The wolf closely misses you. The wolf barely misses you.
There is an escape hatch in the ceiling here.
The centaur is no longer moving slowly.
The wolf barely misses you. A mysterious force pulls you upwards.
The hatch slams shut behind you.
You start to feel less resistant.
You draw a card...
You have drawn the Cloud.
Clouds appear around you! The wolf bites you.
You die...
Your body disappears without a glow.

######## ######
########P..##P####P#..#######
...............§h§..........#
...............§@§..........#
...........................##
...###..####.....##.#.###..##
...# ##..# #............#...#
...# ##.####.....#......#..##
...# #....#.............#..#
...###...###.....#......#..#
...##.#..##......#......#..#
....####.###.....#......#..#


You could see a wolf (slow).

Vanquished Creatures
  A death yak (Lair:3)
  Pikel (D:8)
  A spiny frog (Lair:1)
  2 komodo dragons
  A raiju (Lair:2)
  3 hippogriffs
  3 blink frogs (Lair:1)
  A yak (D:8)
  2 basilisks (Lair:1)
  A steam dragon (Lair:3)
  A naga (Lair:2)
  Menkaure (D:6)
  7 porcupines
  4 water moccasins
  A black bear (D:8)
  A phantom (D:8)
  5 necrophages (Lair:2)
  A slave (D:8)
  7 wolves (Lair:3)
  6 centaurs
  An ogre (D:8)
  6 crocodiles
  7 bullfrogs
  A water moccasin zombie (D:7)
  A scorpion (D:5)
  9 wights
  6 killer bees (D:8)
  4 howler monkeys
  3 bullfrog zombies
  2 orc priests (D:6)
  4 hounds
  A quasit (D:6)
  2 jellies
  2 orc wizards
  A centaur skeleton (D:5)
  A hell rat (D:3)
  2 worker ants
  A howler monkey zombie (D:5)
  2 gnolls
  12 adders
  2 shadow imps
  3 oozes
  An adder skeleton (D:8)
  An adder zombie (D:8)
  A worm (D:2)
  A dart slug (D:2)
  4 leopard geckos
  7 orcs
  6 bats
  3 giant cockroaches
  5 hobgoblins
  7 jackals
  6 kobolds
  A quokka (D:5)
  3 ball pythons
  2 frilled lizards
  8 goblins
  2 rats
  4 fungi
185 creatures vanquished.

Vanquished Creatures (collateral kills)
  A hydra (Lair:1)
  A spiny frog (Lair:2)
  A blink frog (Lair:1)
  A yak (D:8)
  Eustachio (D:4)
  A basilisk (Lair:2)
  A naga (Lair:2)
  Duvessa (D:4)
  A black bear (D:8)
  An orc warrior (D:8)
  2 ogres (D:4)
  A wolf (Lair:2)
  A centaur (D:7)
  Dowan (D:4)
  A scorpion (D:8)
  A jelly (D:7)
  2 orc priests (D:3)
  An iguana (D:4)
  An orc wizard (D:3)
  2 worker ants
  3 gnolls (D:3)
  A shadow imp (D:7)
  An ooze (Lair:2)
  An adder skeleton (D:4)
  5 orcs
  A giant cockroach (D:3)
  A bat (D:3)
36 creatures vanquished.

Vanquished Creatures (others)
  A wizard (D:4)
  A black bear (D:8)
  A slave (D:8)
  A bullfrog (D:8)
  A howler monkey skeleton (D:8)
  16 fungi
  A plant (Lair:3)
22 creatures vanquished.

Grand Total: 243 creatures vanquished

Notes
Turn   | Place    | Note
-------+----------+-------------------------------------------
     0 | D:1      | Tomb the Ghoul Monk began the quest for the Orb.
     0 | D:1      | Reached XP level 1. HP: 19/19 MP: 0/0
    51 | D:1      | Found a sparkling altar of Nemelex Xobeh.
    60 | D:1      | Became a worshipper of Nemelex Xobeh the Trickster
    60 | D:1      | Received a gift from Nemelex Xobeh
    60 | D:1      | Reached * piety under Nemelex Xobeh
    60 | D:1      | Received a gift from Nemelex Xobeh
    60 | D:1      | Reached ** piety under Nemelex Xobeh
   375 | D:1      | Reached XP level 2. HP: 26/26 MP: 1/1
   711 | D:1      | Reached XP level 3. HP: 31/31 MP: 2/2
  1034 | D:2      | Reached skill level 1 in Polearms
  1276 | D:2      | Received a gift from Nemelex Xobeh
  1694 | D:2      | Reached XP level 4. HP: 35/40 MP: 3/3
  2037 | D:3      | Noticed Grinder
  2187 | D:3      | Reached skill level 2 in Polearms
  2244 | D:3      | Reached *** piety under Nemelex Xobeh
  2256 | D:3      | Received a gift from Nemelex Xobeh
  2273 | D:3      | Reached XP level 5. HP: 16/46 MP: 4/4
  2275 | D:3      | Reached skill level 1 in Invocations
  2660 | D:3      | Noticed Grinder
  2660 | D:3      | Grinder changed into Grinder the hell rat
  2670 | D:3      | Killed Grinder the hell rat
  2670 | D:3      | Reached skill level 3 in Polearms
  3375 | D:4      | Noticed Duvessa
  3375 | D:4      | Noticed Dowan
  3377 | D:4      | Noticed an orange demon
  3384 | D:4      | Killed Duvessa
  3384 | D:4      | Reached skill level 1 in Armour
  3384 | D:4      | Reached XP level 6. HP: 23/52 MP: 6/6
  3388 | D:4      | Killed Dowan
  3400 | D:4      | HP: 1/53 [orange demon[the player character] (8)]
  4108 | D:4      | Reached skill level 4 in Polearms
  4154 | D:4      | Noticed Eustachio
  4160 | D:4      | Reached XP level 7. HP: 60/60 MP: 7/7
  4165 | D:4      | Killed Eustachio
  4265 | D:4      | Identified the +3 long sword of Netoluk {flame, rElec MP+9
                  | Str+2}
  4344 | D:4      | Received a gift from Nemelex Xobeh
  4364 | D:4      | Found a bloodstained altar of Trog.
  4367 | D:4      | Noticed a wizard
  4372 | D:4      | Killed a wizard
  4629 | D:4      | Reached skill level 5 in Fighting
  4840 | D:5      | Entered Level 5 of the Dungeon
  4937 | D:5      | Reached skill level 1 in Long Blades
  5042 | D:5      | Found a white marble altar of Elyvilon.
  5330 | D:5      | Found the -2 hat of the Alchemist {rElec rPois rF+ rC+ rN+
                  | MR+ rMut rCorr}
  5340 | D:5      | Found a staircase to the Ecumenical Temple.
  5405 | D:6      | Received a gift from Nemelex Xobeh
  5519 | D:6      | Reached XP level 8. HP: 62/68 MP: 9/9
  5598 | D:6      | Reached **** piety under Nemelex Xobeh
  5799 | D:6      | Noticed Menkaure
  5806 | D:6      | Killed Menkaure
  5806 | D:6      | Reached skill level 5 in Long Blades
  6575 | D:6      | Found Famoa's Magic Scroll Boutique.
  6589 | D:6      | Bought a scroll of enchant armour for 112 gold pieces
  6589 | D:6      | Bought a scroll of teleportation for 45 gold pieces
  6589 | D:6      | Bought a scroll of identify for 30 gold pieces
  6589 | D:6      | Bought a scroll of identify for 30 gold pieces
  6589 | D:6      | Bought a scroll of enchant weapon for 112 gold pieces
  6777 | D:7      | Reached skill level 5 in Polearms
  6785 | D:7      | Reached XP level 9. HP: 64/73 MP: 10/10
  7051 | D:7      | Reached skill level 6 in Polearms
  7183 | D:7      | Received a gift from Nemelex Xobeh
  7773 | D:8      | Noticed Pikel
  7814 | D:8      | Killed Pikel
  7814 | D:8      | Reached skill level 1 in Shields
  8030 | D:8      | Reached skill level 7 in Polearms
  8189 | D:8      | Received a gift from Nemelex Xobeh
  8360 | D:8      | Found a staircase to the Lair.
  8397 | D:8      | Reached XP level 10. HP: 84/84 MP: 11/11
  8406 | D:8      | Reached skill level 8 in Polearms
  8573 | D:8      | Got an encrusted helmet
  8585 | D:8      | Identified the +0 helmet of Sin {Int+5} (You found it on
                  | level 8 of the Dungeon)
  9075 | Lair:1   | Entered Level 1 of the Lair of Beasts
  9619 | Lair:1   | Noticed a spiny frog
  9621 | Lair:1   | Received a gift from Nemelex Xobeh
  9636 | Lair:1   | Killed a spiny frog
  9636 | Lair:1   | Reached skill level 9 in Polearms
  9919 | Lair:1   | Received a gift from Nemelex Xobeh
 10083 | Lair:1   | Reached ***** piety under Nemelex Xobeh
 10196 | Lair:1   | Noticed an eight-headed hydra
 10202 | Lair:1   | Killed an eight-headed hydra
 10202 | Lair:1   | Reached skill level 5 in Shields
 10431 | Lair:1   | Reached XP level 11. HP: 87/94 MP: 12/12
 11038 | Lair:2   | Reached skill level 10 in Polearms
 11179 | Lair:2   | Found a staircase to the Snake Pit.
 11880 | Lair:3   | Received a gift from Nemelex Xobeh
 12226 | Lair:3   | Found a transporter.
 12226 | Lair:3   | Noticed a moth of wrath
 12227 | Lair:3   | Identified the +6 trident of Untimely Demise {distort, +Inv
                  | rC+ Str+2 Int+4 Stlth+}
 12227 | Lair:3   | Noticed a spriggan rider
 12230 | Lair:3   | Noticed Befuwnopp's ghost (journeyman TrHu)
 12231 | Lair:3   | Identified the +7 trident of the Kidney {distort, rF++ MR+
                  | Dex-4}
 12231 | Lair:3   | Noticed a spriggan rider
 12233 | Lair:3   | Found a bloodstained altar of Trog.
 12238 | Lair:3   | Found a transporter.
 12259 | Lair:3   | Found a staircase to the Shoals.
 12270 | Lair:3   | Noticed a death yak
 12342 | Lair:3   | Killed a death yak
 12346 | Lair:3   | Noticed a death yak
 12352 | Lair:3   | Noticed a lindwurm
 12389 | Lair:2   | HP: 2/97 [wolf (5)]
 12400 | Lair:1   | Slain by a wolf

Illustrated notes

Levels and vault maps discovered:
D:1:      ebering_trefoil_3fold, layout_loops_ring, minmay_misc_feat_doors,
          nemelex_xobeh_ov_fountains_minmay
D:2:      layout_basic
D:3:      cheibrodos_pilgrimage, layout_basic, portal_sewer_entry_d, hex_large,
          patterned_corridor, uniq_grinder
D:4:      layout_basic, trog_wizard, uniq_duvessa, uniq_eustachio
D:5:      layout_basic, minmay_temple_entry_butterflies, first_ration,
          basic_altar, minmay_manual_mandibuliform
D:6:      layout_basic, serial_shops, nicolae_shop_statue_plus,
          hangedman_abyss_or_decor_stabs, uniq_menkaure
D:7:      layout_layer_cave, minmay_door_square
D:8:      layout_basic, due_lair_maze_entry_diamond, uniq_pikel
Lair:1:   layout_regular_city
Lair:2:   layout_roguey, minmay_snake_entry_guardpost_small,
          roderic_carrion_pond
Lair:3:   layout_roguey, elwin_shoals_entry_rocks, enter_volcano_4,
          gammafunk_ghost_wrathful_warriors, nicolae_quartered_pool_little,
          grunt_forest_large_clearings

Skill      XL: |  1  2  3  4  5  6  7  8  9 10 11 |
---------------+----------------------------------+-----
Unarmed Combat | 4 |  4.1
Polearms       | 1 2 3 4 5 7 9 10 | 10.9
Fighting       | 4 5 6 8 9 |  9.2
Invocations    | 1 2 |  2.9
Armour         | 1 |  1.1
Long Blades    | 3 6 |  6.8
Shields        | 3 5 6 |  6.3
Throwing       | |  0.2
Dodging        | |  2.6
Stealth        | |  2.1

Action                   |  1- 3 |  4- 6 |  7- 9 | 10-12 || total
-------------------------+-------+-------+-------+-------++-------
Melee: Unarmed           |    25 |       |       |       ||    25
       Punch             |     1 |     3 |     2 |       ||     6
       Spear             |    70 |   108 |   244 |   393 ||   815
       Long sword        |       |       |   103 |       ||   103
Throw: Dart              |    42 |     8 |    25 |    70 ||   145
Invok: Draw Summoning    |       |     8 |     6 |     8 ||    22
       Draw Destruction  |       |     5 |    15 |    31 ||    51
       Triple Draw       |       |     1 |       |       ||     1
       Draw Escape       |       |     1 |       |     3 ||     4
  Use: Scroll            |       |     3 |     9 |     4 ||    16
       Potion            |       |     3 |     3 |     9 ||    15
 Stab: Sleeping          |     2 |       |       |       ||     2
       Petrifying        |       |     1 |       |       ||     1
       Distracted        |       |     1 |       |       ||     1
  Eat: Chunk             |     5 |     5 |    12 |    30 ||    52
       Ration            |       |     6 |     1 |     1 ||     8
Armor: Robe              |    15 |     2 |       |       ||    17
       Scale mail        |       |    43 |   128 |   105 ||   276
Dodge: Dodged            |    49 |    37 |   139 |   100 ||   325
Block: Kite shield       |       |       |    33 |   133 ||   166
       Rpst.: Long sword |       |       |    20 |       ||    20
